 Dungeon Crawl Stone Soup version 0.29.0-13-gc9e81de378 (webtiles) character file.

Game seed: 8416388674574133324

991 gelatine the Chopper (level 7, -1/45 (55) HPs)
             Began as a Demonspawn Berserker on Sept 7, 2022.
             Was a Priest of Trog.
             Slain by a wight
             ... wielding a +0 trident
              (11 damage)
             ... on level 6 of the Dungeon.
             The game lasted 00:13:37 (5145 turns).

gelatine the Chopper (Demonspawn Berserker)         Turns: 5145, Time: 00:13:39

HP:   -1/45 (55)    AC: 11    Str: 20    XL:     7   Next: 98%
MP:   7/7           EV: 12    Int:  8    God:    Trog [***...]
Gold: 263           SH:  3    Dex: 12    Spells: 6/6 levels left

rFire   . . .      SeeInvis .   a - +0 hand axe
rCold   . . .      Faith    .   q - +0 buckler
rNeg    . . .      Spirit   .   f - +0 chain mail
rPois   .          Reflect  .   (no helmet)
rElec   .          Harm     .   (no cloak)
rCorr   .          Rampage  .   r - +0 pair of gloves
Will    ++...                   (no boots)
Stlth   ..........              (no amulet)
HPRegen 1.15/turn               m - +4 ring of evasion
MPRegen 0.10/turn               (no ring)

@: strong-willed, on berserk cooldown, regenerating, slowed, heavily drained,
very slow
A: claws 1, hooves 1, spiny 2, weakness stinger 1
a: Renounce Religion, Berserk, Trog's Hand


You were on level 6 of the Dungeon.
You worshipped Trog.
Trog was most pleased with you.
You visited 1 branch of the dungeon, and saw 6 of its levels.

You collected 287 gold pieces.
You spent 24 gold pieces at shops.

Inventory:

Hand Weapons
 a - a +0 hand axe (weapon)
Missiles
 b - 15 poisoned darts
 o - 11 boomerangs (quivered)
Armour
 f - a +0 chain mail (worn)
 q - a +0 buckler (worn)
 r - a +0 pair of gloves (worn)
Jewellery
 m - a +4 ring of evasion (left hand)
Scrolls
 c - a scroll of brand weapon {unknown}
 d - 3 scrolls of teleportation
 e - 3 scrolls of enchant armour
 h - 2 scrolls of poison {unknown}
 k - 3 scrolls of fear
Potions
 g - a potion of haste {unknown}
 i - 6 potions of curing
 j - 2 potions of flight {unknown}
 l - a potion of berserk rage
 n - 2 potions of invisibility {unknown}
 p - 2 potions of lignification {unknown}


   Skills:
 * Level 4.9 Fighting
 * Level 5.6 Axes
 + Level 0.5 Throwing
 * Level 5.3 Armour
 * Level 2.5 Dodging
 + Level 1.2 Stealth


You had 6 spell levels left.
You didn't know any spells.
Your spell library was empty.

Dungeon Overview and Level Annotations

Branches:
Dungeon (6/15)
 Temple: D:4-7

Altars:
Ashenzari

Shops:
D:1 ?   D:3 [


Innate Abilities, Weirdness & Mutations

You have sharp fingernails.
You have large cloven feet.
You are mostly covered in sharp spines.
You have a small tail.


Message History

You feel drained.
The wight hits you from afar with a +0 trident.
You feel drained.
You hit the orc.
The orc is severely wounded.
You block the orc's attack. The wight misses you. You block the wight's attack.
You barely miss the orc. You kick the orc.
You kill the orc!
Trog accepts your kill. The wight closely misses you.
The wight hits you from afar with a +0 trident. x2
You feel drained.
The wight hits you with a +2 hand axe of freezing.
You feel drained. The wight freezes you.
The wight hits you from afar with a +4 spear.
You feel drained.
You barely miss the wight. Your kick misses the wight.
Your tail-slap misses the wight.
The wight closely misses you. x2
You block the wight's attack.
You closely miss the wight. Your kick misses the wight.
Your tail-slap misses the wight.
The wight misses you.
The wight hits you from afar with a +4 spear.
You feel drained. You block the wight's attack.
The wight is struck by your spines.
The wight hits you with a +2 hand axe of freezing!
You feel drained.
* * * LOW HITPOINT WARNING * * *
The wight freezes you.
* * * LOW HITPOINT WARNING * * *
The wight closely misses you. The wight barely misses you.
You can't see any enemies this would affect, really read the scroll of fear?
Okay, then.
Your skin crawls.
You feel strong-willed.
The wight hits you with a +2 hand axe of freezing.
* * * LOW HITPOINT WARNING * * *
The wight freezes you.
* * * LOW HITPOINT WARNING * * *
The wight hits you from afar with a +0 trident!
You die...

#. ........# ########.#
###. .........# #........#
#... ..........
#.###########.## ........^#
#.### #...# .........#
#<#.#######.#.## .........#
#..#........#...
........z###.#.########..).
#...zzz@.......#####....
####.z###..........)).#.
#..# ###..#.####.))#. #..#
##.#.# #...#. #..# .# #
#...# #..# #.# #.....
####..######.# .....#.
#............######..###
#.#####.####.#.. ..## #


You could see 5 wights.

Vanquished Creatures
  An orc warrior (D:6)
  A kobold brigand (D:5)
  3 scorpions (D:5)
  A necrophage (D:6)
  A howler monkey (D:4)
  An orc priest (D:6)
  2 hounds
  Jessica (D:3)
  8 iguanas
  An orc wizard (D:6)
  A mummy (D:5)
  9 adders
  An ufetubus (D:4)
  2 worms (D:2)
  2 dart slugs (D:1)
  12 orcs
  6 ball pythons
  3 bats
  An endoplasm (D:2)
  2 giant cockroaches
  4 hobgoblins
  7 jackals
  7 kobolds
  3 quokkas
  3 frilled lizards
  9 goblins
  A hobgoblin zombie (D:5)
  3 orc zombies (D:5)
  4 rats
100 creatures vanquished.

Vanquished Creatures (others)
  2 plants
2 creatures vanquished.

Grand Total: 102 creatures vanquished

Notes
Turn   | Place    | Note
-------+----------+-------------------------------------------
     0 | D:1      | gelatine the Demonspawn Berserker began the quest for the
                  | Orb.
     0 | D:1      | Reached XP level 1. HP: 18/18 MP: 1/1
   294 | D:1      | Gained mutation: You are partially covered in sharp spines.
                  | [demonic ancestry]
   294 | D:1      | Reached XP level 2. HP: 24/24 MP: 2/2
   407 | D:1      | Found Xetathremp's Magic Scroll Boutique.
   495 | D:1      | Found a faded altar of an unknown god.
   768 | D:1      | Bought a scroll of identify for 24 gold pieces
   826 | D:2      | Discovered your monstrous ancestry.
   826 | D:2      | Gained mutation: You have a small tail. [demonic ancestry]
   826 | D:2      | Reached XP level 3. HP: 29/29 MP: 3/3
   945 | D:2      | Reached ** piety under Trog
  1470 | D:2      | Reached XP level 4. HP: 35/35 MP: 4/4
  1601 | D:3      | Found Adewiena's Antique Armour Boutique.
  2181 | D:3      | Noticed Jessica
  2188 | D:3      | Killed Jessica
  2607 | D:4      | Gained mutation: You are mostly covered in sharp spines.
                  | [demonic ancestry]
  2607 | D:4      | Reached XP level 5. HP: 41/42 MP: 5/5
  3134 | D:4      | Gained mutation: You have large cloven feet. [demonic
                  | ancestry]
  3134 | D:4      | Reached XP level 6. HP: 45/48 MP: 6/6
  3568 | D:4      | Found a broken altar of Ashenzari.
  3694 | D:5      | Entered Level 5 of the Dungeon
  3955 | D:5      | Reached skill level 5 in Axes
  3955 | D:5      | Reached skill level 1 in Stealth
  3955 | D:5      | Gained mutation: You have sharp fingernails. [demonic
                  | ancestry]
  3955 | D:5      | Reached XP level 7. HP: 30/54 MP: 7/7
  4517 | D:5      | Reached *** piety under Trog
  4911 | D:6      | Reached skill level 5 in Armour
  5145 | D:6      | Slain by a wight

Illustrated notes

Levels and vault maps discovered:
D:1:      scummos_arrival_simple_crosswalls, layout_loops_ring, serial_shops,
          nicolae_shop_waterfront, shapermc_ecumenical_altar_starsandcircs,
          serial_bayou_ford_a, minmay_pentomino_x2
D:2:      layout_basic
D:3:      layout_loops_cross, serial_shops, nicolae_square_shop, uniq_jessica
D:4:      layout_basic, kennysheep_mini_moat, serial_forest,
          infiniplex_forest_straight_4, infiniplex_forest_clump_long,
          infiniplex_forest_corner_2, infiniplex_forest_straight_2,
          infiniplex_forest_fountain, infiniplex_forest_corner_1,
          infiniplex_forest_end_3, minivault_23
D:5:      layout_gridville, st_stairs_10, minmay_mini_ossuary
D:6:      layout_loops_ring, mainiacjoe_overflow_small_starburst,
          kennysheep_little_box, serial_shops, shop, shop_fountains, shop

Skill      XL: |  1  2  3  4  5  6  7 |
---------------+----------------------+-----
Axes           | 3 4 5 |  5.6
Armour         | 2 3 4 5 |  5.3
Dodging        | 2 |  2.5
Fighting       | 4 |  4.9
Stealth        | 1 |  1.2
Throwing       | |  0.5

Action                   |  1- 3 |  4- 6 |  7- 9 || total
-------------------------+-------+-------+-------++-------
Melee: Hand axe          |    95 |   108 |    62 ||   265
       Tailslap          |     2 |    10 |     9 ||    21
       Punch             |       |     2 |       ||     2
       Kick              |       |    14 |    19 ||    33
Throw: Dart              |       |       |    11 ||    11
Invok: Berserk           |       |     1 |     2 ||     3
       Trog's Hand       |       |       |     1 ||     1
  Use: Scroll            |     4 |     3 |     4 ||    11
Armor: Ring mail         |    30 |       |       ||    30
       Chain mail        |    23 |    44 |    16 ||    83
Dodge: Dodged            |    47 |    58 |    34 ||   139
Block: Buckler           |       |       |     6 ||     6
